 Dungeon Crawl Stone Soup version 0.29-a0-284-gf9362112df (webtiles) character file.

Game seed: 2135106102703875886

243 siradein the Skirmisher (level 5, -2/50 (53) HPs)
             Began as a Troll Fighter on Mar 28, 2022.
             Slain by an orc
             ... wielding a +0 short sword
              (3 damage)
             ... on level 4 of the Dungeon.
             The game lasted 00:11:20 (2539 turns).

siradein the Skirmisher (Troll Fighter)             Turns: 2539, Time: 00:11:24

HP:   -2/50 (53)    AC:  4    Str: 24    XL:     5   Next: 82%
MP:   4/4           EV:  9    Int:  4    God:
Gold: 174           SH: 13    Dex: 11    Spells: 4/4 levels left

rFire   . . .      SeeInvis .   w - +2 flail (drain)
rCold   . . .      Faith    .   c - +0 kite shield
rNeg    . . .      Spirit   .   b - +0 robe
rPois   .          Reflect  +   (helmet restricted)
rElec   .          Harm     .   (no cloak)
rCorr   .          Rampage  .   (gloves unavailable)
Will    .....                   (boots unavailable)
Stlth   +.........              k - amulet of reflection
HPRegen 0.96/turn               (no ring)
MPRegen 0.09/turn               (no ring)

@: drained
A: large, unfitting armour, claws 3, regeneration 1, shaggy fur 1, tough skin 1
a: no special abilities


You were on level 4 of the Dungeon.
You visited 1 branch of the dungeon, and saw 4 of its levels.

You collected 174 gold pieces.

Inventory:

Hand Weapons
 w - a +2 flail of draining (weapon)
Missiles
 e - 170 stones (quivered)
 h - 5 javelins
 n - 11 poisoned darts
 v - a throwing net
Armour
 b - a +0 robe (worn)
 c - a +0 kite shield (worn)
Jewellery
 a - an amulet of magic regeneration
 k - an amulet of reflection (around neck)
Scrolls
 f - 3 scrolls of identify {unknown}
 g - a scroll of brand weapon {unknown}
 i - a scroll of blinking {unknown}
 j - a scroll of summoning {unknown}
 l - a scroll of amnesia {unknown}
 m - a scroll of vulnerability {unknown}
 o - 2 scrolls of torment {unknown}
 p - a scroll of magic mapping {unknown}
 r - a scroll of teleportation {unknown}
Potions
 d - 3 potions of might
 q - a potion of lignification {unknown}
 s - a potion of flight {unknown}
 t - a potion of attraction {unknown}
 u - a potion of resistance {unknown}
 x - a potion of curing


   Skills:
 + Level 3.3 Fighting
 + Level 3.0 Maces & Flails
 + Level 1.9 Throwing
 + Level 3.2 Dodging
 + Level 3.2 Shields


You had 4 spell levels left.
You didn't know any spells.
Your spell library was empty.

Dungeon Overview and Level Annotations

Branches:
Dungeon (4/15)
 Temple: D:4-7

Altars:

Shops:
D:1 *


Innate Abilities, Weirdness & Mutations

You are too large for most types of armour.
You have claws for hands.
Your natural rate of healing is unusually fast.
You are covered in fur. (AC +1)
You have tough skin. (AC +1)


Message History

You are confused.
Something hits you but does no damage. The orc hits you but does no damage.
You barely miss something.
The jackal barks!
You hear a shout!
You hear a bark!
The orc closely misses you. Something hits you.
An orc and an orc priest come into view.
The orc shouts!
The orc priest shouts!
Something hits you.
A jackal comes into view.
Something hits you but does no damage.
You bump into the rock wall.
The jackal barks!
The jackal barely misses you.
A jackal comes into view.
You hear some strange, mumbled words.
Something tries to affect you, but you resist.
You hit something. The jackal barely misses you.
An orc comes into view. It is wielding a +0 flail.
The orc hits you with a +0 short sword.
You hear some strange, mumbled words.
A magic dart appears from out of thin air!
The magic dart hits you! The jackal barely misses you. Something hits you.
* * * LOW HITPOINT WARNING * * *
The orc attacks as you move away! The orc barely misses you.
An orc wizard comes into view. It is wielding a +0 dagger.
The orc hits you with a +0 short sword.
* * * LOW HITPOINT WARNING * * *
The jackal bites you but does no damage.
You're too confused to move!
You feel less confused. You block the orc's attack.
The jackal barely misses you.
It was a potion of curing.
You feel better. You block the jackal's attack.
The orc hits you with a +0 whip.
The orc priest calls down the wrath of Beogh upon you.
Beogh smites you!
* * * LOW HITPOINT WARNING * * *
The orc wizard casts a spell.
The orc wizard flickers and vanishes!
The orc hits you with a +0 short sword.
You die...

..#...####....................
..##..#.##.....................
#..#...#........................
#.............#...........
##.............#..........
##..#...##............o.#
#####..###.............#
#..#.....hoo...{.o
#.......@ooh.###.
#...#..###ho..# ######.# ##{.##
#..####.## .........#
............... #.##.......##o.o
.........## o ####)...##


You could see 2 orc priests, 4 orcs and 3 jackals.

Vanquished Creatures
  A scorpion (D:3)
  2 orc priests
  An orc wizard (D:3)
  3 adders
  4 dart slugs
  5 orcs
  9 endoplasms
  5 giant cockroaches
  5 goblins
  6 hobgoblins
  11 kobolds
  A quokka (D:1)
  4 ball pythons
  2 bats
  2 frilled lizards
  3 rats
64 creatures vanquished.

Notes
Turn   | Place    | Note
-------+----------+-------------------------------------------
     0 | D:1      | siradein the Troll Fighter began the quest for the Orb.
     0 | D:1      | Reached XP level 1. HP: 22/22 MP: 0/0
   153 | D:1      | Found Ettiax's General Store.
   165 | D:1      | Reached XP level 2. HP: 29/29 MP: 1/1
   672 | D:2      | Reached XP level 3. HP: 36/36 MP: 2/2
  1674 | D:3      | Reached skill level 1 in Throwing
  1674 | D:3      | Reached XP level 4. HP: 44/44 MP: 3/3
  1994 | D:3      | Noticed a scorpion
  2000 | D:3      | Killed a scorpion
  2001 | D:3      | Reached XP level 5. HP: 53/53 MP: 4/4
  2539 | D:4      | HP: 1/50 [orc priest/divine providence (16)]
  2539 | D:4      | Slain by an orc

Illustrated notes

Levels and vault maps discovered:
D:1:      minmay_arrival_loop, layout_basic, serial_shops,
          nicolae_shop_statue_plus
D:2:      layout_basic, serial_co_window_serial, co_window_corner_a,
          co_window_paths_a, co_window_corner_a, co_window_paths_a,
          co_window_corner_a, co_window_corner_b, co_window_of_opportunity_b,
          co_window_cross_3, co_window_2corner, co_window_broadway_a,
          co_window_broadway_c, co_window_corner_cb, glass_columns_a,
          feat_on_display
D:3:      layout_basic
D:4:      layout_layer_cave, minmay_misc_feat_square, uniq_duvessa

Skill      XL: |  1  2  3  4  5 |
---------------+----------------+-----
Maces & Flails | 2 3 |  3.0
Throwing       | 1 |  1.9
Fighting       | 3 |  3.3
Shields        | 3 |  3.2
Dodging        | 3 |  3.2

Action                   |  1- 3 |  4- 6 || total
-------------------------+-------+-------++-------
Melee: Flail             |    96 |    90 ||   186
Throw: Dart              |       |     3 ||     3
  Use: Potion            |       |     1 ||     1
 Stab: Sleeping          |     1 |       ||     1
Armor: Robe              |    32 |    25 ||    57
Dodge: Dodged            |    35 |    31 ||    66
Block: Kite shield       |    49 |    47 ||    96
       Reflection        |     1 |     7 ||     8

Table legend: (Time is in decaauts)
 A = Elapsed time spent in this place.
 B = Non-inter-level travel time spent in this place.
 C = Inter-level travel time spent in this place.
 D = Time resting spent in this place.
 E = Time spent auto-exploring this place.
 F = Levels seen in this place.
 G = Mean time per level.
                   A        B        C        D        E       F      G
               +--------+--------+--------+--------+--------+-----+--------+
         Total |   2618 |   2575 |     43 |     41 |   1885 |   4 |  654.5 |
       Dungeon |   2618 |   2575 |     43 |     41 |   1885 |   4 |  654.5 |
               +--------+--------+--------+--------+--------+-----+--------+

Top non-repeatable levels by time:
     D:2: 866 daAuts
     D:3: 788 daAuts
     D:1: 663 daAuts
     D:4: 299 daAuts
